 Dungeon Crawl Stone Soup version 0.30.0 (webtiles) character file.

Game seed: 17878601759466838210

50 Dani the Chopper (level 3, -10/29 HPs)
             Began as a Demonspawn Fighter on May 20, 2023.
             Was a Follower of Sif Muna.
             Killed by an exploding hobgoblin (39 damage)
             ... ignited by their inner flame
             ... on level 3 of the Dungeon.
             The game lasted 00:02:58 (1704 turns).

Dani the Chopper (Demonspawn Fighter)               Turns: 1704, Time: 00:02:58

Health: -10/29     AC: 10    Str: 16    XL:     3   Next: 55%
Magic:  3/3        EV:  8    Int: 11    God:    Sif Muna [*.....]
Gold:   250        SH:  4    Dex: 12    Spells: 2/2 levels left

rFire   . . .        a - +4 war axe
rCold   . . .        c - +0 buckler
rNeg    . . .        b - +1 scale mail
rPois   .            (no helmet)
rElec   .            g - +2 cloak
rCorr   .            (no gloves)
SInv    .            (no boots)
Will    .....        (no amulet) Stlth
                     (no ring)
HPRegen 0.24/turn    (no ring)
MPRegen 0.08/turn

%: no passive effects
@: no status effects
A: ignite blood 2
a: Renounce Religion, Channel Magic


You were on level 3 of the Dungeon.
You worshipped Sif Muna.
Sif Muna was aware of your devotion.
You visited 1 branch of the dungeon, and saw 3 of its levels.

You collected 250 gold pieces.

Inventory:

Hand Weapons
 a - a +4 war axe (weapon)
Missiles
 e - 2 poisoned darts (quivered)
 f - 4 curare-tipped darts
Armour
 b - a +1 scale mail (worn)
 c - a +0 buckler (worn)
 g - a +2 cloak (worn)
   (You found it on level 1 of the Dungeon)
Scrolls
 T - a scroll of teleportation
Potions
 d - a potion of might
 h - 2 potions of brilliance {unknown}


   Skills:
 - Level 3.0 Fighting
 + Level 3.6 Axes
 - Level 2.6 Armour
 - Level 2.6 Shields


You had 2 spell levels left.
You didn't know any spells.
Your spell library contained the following spells:

 Spells                   Type           Power      Damage    Failure   Level
 Beastly Appendage        Tmut           0%         N/A       86%         1
 Wereblood                Tmut           0%         N/A       94%         2
 Spider Form              Tmut/Pois      0%         N/A       99%         3


Dungeon Overview and Level Annotations

Branches:
Dungeon (3/15)

Altars:
Kikubaaqudgha
Sif Muna

Shops:
D:3 [(


Innate Abilities, Weirdness & Mutations

Your demonic aura often causes spilled blood to erupt in flames.


Message History

You see here a +0 dagger.
Found a robe.
No target in view!
You see here a +0 dagger.
Key pressed, stopping explore.
No target in view!
Key pressed, stopping explore.
No target in view!
Found Womott Wihag's Antique Armour Emporium.
No target in view!
Key pressed, stopping explore.
No target in view!
There is an entrance to Womott Wihag's Antique Armour Emporium here.
You can access your shopping list by pressing '$'.
Found a club.
Found an escape hatch in the floor.
You see here a +0 club.
Key pressed, stopping explore.
Key pressed, stopping explore.
Key pressed, stopping explore.
Key pressed, stopping explore.
Key pressed, stopping explore.
Key pressed, stopping explore.
Key pressed, stopping explore.
Key pressed, stopping explore.
A kobold comes into view. It is wielding a +0 club.
The kobold shouts!
A kobold is nearby!
A kobold is nearby!
A kobold is nearby!
The kobold hits you but does no damage.
A kobold is nearby!
You slash the kobold!
You kill the kobold!
Sif Muna accepts your kill.
Key pressed, stopping explore.
No target in view!
Key pressed, stopping explore.
No target in view!
No target in view!
Found a stone staircase leading down.
No target in view!
There is a stone staircase leading down here.
Key pressed, stopping explore.
No target in view!
Key pressed, stopping explore.
No target in view!
Key pressed, stopping explore.
No target in view!
Found a stone staircase leading down.
No target in view!
You now have 223 gold pieces (gained 10).
Key pressed, stopping explore.
No target in view!
There is a stone staircase leading down here.
Key pressed, stopping explore.
No target in view!
Key pressed, stopping explore.
No target in view!
Key pressed, stopping explore.
No target in view!
Key pressed, stopping explore.
No target in view!
Found a stone staircase leading up.
No target in view!
i - a scroll labelled ITIQOGANAI No target in view!
Found Yngiar's Weapon Boutique.
No target in view!
You now have 241 gold pieces (gained 18).
Key pressed, stopping explore.
No target in view!
No target in view!
There is an entrance to Yngiar's Weapon Boutique here.
You can access your shopping list by pressing '$'.
Key pressed, stopping explore.
You now have 250 gold pieces (gained 9).
Key pressed, stopping explore.
Key pressed, stopping explore.
Key pressed, stopping explore.
Key pressed, stopping explore.
A hobgoblin comes into view.
The hobgoblin shouts!
A hobgoblin is nearby!
A hobgoblin is nearby!
A hobgoblin is nearby!
A hobgoblin is nearby!
As you read the scroll labelled ITIQOGANAI, it crumbles to dust.
The creatures around you are filled with an inner flame!
It was a scroll of immolation.
You block the hobgoblin's attack.
You barely miss the hobgoblin. You block the hobgoblin's attack.
You hit the hobgoblin.
Flame seeps out of the hobgoblin.
The hobgoblin is moderately wounded.
The hobgoblin is engulfed in blazing flames.
Sif Muna accepts your kill.
The hobgoblin explodes!
The fiery explosion engulfs you!!!
Ouch! That really hurt!
You die...

#########
.).....<#
.....##.#
.....##.#
......#.#
......#.#
###########
####..#.#
#..@○§..... #
#....)#
#.######### #
##....# #.#
#####...# #.#
........# #.#
...#.#..######.#
####.#.........#
#.######.####
#.........#


There were no monsters in sight!

Vanquished Creatures
  5 endoplasms
  2 giant cockroaches
  6 goblins
  6 hobgoblins
  3 jackals (D:1)
  A quokka (D:2)
  5 ball pythons (D:2)
  6 bats
  3 frilled lizards (D:1)
  8 kobolds
  2 rats (D:1)
47 creatures vanquished.

Notes
Turn   | Place    | Note
-------+----------+-------------------------------------------
     0 | D:1      | Dani the Demonspawn Fighter began the quest for the Orb.
     0 | D:1      | Reached XP level 1. HP: 18/18 MP: 1/1
    96 | D:1      | Reached skill level 2 in Axes
   147 | D:1      | Gained mutation: Your demonic aura sometimes causes spilled
                  | blood to erupt in flames. [demonic ancestry]
   147 | D:1      | Reached XP level 2. HP: 24/24 MP: 2/2
   319 | D:1      | Reached skill level 3 in Axes
   600 | D:2      | Found a faded altar of an unknown god.
   613 | D:2      | Gained mutation: Your demonic aura often causes spilled
                  | blood to erupt in flames. [demonic ancestry]
   613 | D:2      | Reached XP level 3. HP: 29/29 MP: 3/3
   613 | D:2      | Prayed at the altar of an unknown god.
   613 | D:2      | Became a worshipper of Sif Muna the Loreminder
   613 | D:2      | Reached * piety under Sif Muna
  1000 | D:2      | Identified the +3 dagger of the Extremes {freeze, rPois}
  1191 | D:3      | Identified the +5 whip "Upothusausi" {heavy, MP+9 Dex+6}
  1306 | D:3      | Found an ancient bone altar of Kikubaaqudgha.
  1465 | D:3      | Found Womott Wihag's Antique Armour Emporium.
  1639 | D:3      | Found Yngiar's Weapon Boutique.
  1704 | D:3      | Killed by an exploding hobgoblin... ignited by their inner
                  | flame

Illustrated notes

Levels and vault maps discovered:
D:1:      minmay_arrival_widening_spiral_wide, layout_rooms,
          dreamdust_wishing_well
D:2:      layout_loops_ring, chequers_ecumenical_altar_simple
D:3:      layout_loops_ring, mainiacjoe_overflow_alcove_4, serial_shops, shop,
          shop

Skill      XL: |  1  2 |
---------------+-------+-----
Axes           | 2 3 |  3.6
Fighting       | |  3.0
Armour         | |  2.6
Shields        | |  2.6

Action                     || total
---------------------------++-------
  Melee: War axe           ||    94
    Use: Scroll            ||    11
 Armour: Scale mail        ||    55
  Dodge: Dodged            ||    40
  Block: Buckler           ||    25

Levels and vault maps discovered:
D:1:      minmay_arrival_widening_spiral_wide, layout_rooms,
          dreamdust_wishing_well
D:2:      layout_loops_ring, chequers_ecumenical_altar_simple
D:3:      layout_loops_ring, mainiacjoe_overflow_alcove_4, serial_shops, shop,
          shop

Table legend: (Time is in decaauts)
 A = Elapsed time spent in this place.
 B = Non-inter-level travel time spent in this place.
 C = Inter-level travel time spent in this place.
 D = Time resting spent in this place.
 E = Time spent auto-exploring this place.
 F = Levels seen in this place.
 G = Mean time per level.
                   A        B        C        D        E       F      G
               +--------+--------+--------+--------+--------+-----+--------+
         Total |   1740 |   1729 |     11 |      0 |   1381 |   3 |  580.0 |
       Dungeon |   1740 |   1729 |     11 |      0 |   1381 |   3 |  580.0 |
               +--------+--------+--------+--------+--------+-----+--------+

Top non-repeatable levels by time:
     D:2: 648 daAuts
     D:1: 566 daAuts
     D:3: 525 daAuts

Table legend:
 A = Kills in this place as a percentage of kills in the entire game.
 B = Kills by you in this place as a percentage of kills by you in the entire game.
 C = Kills by friends in this place as a percentage of kills by friends in the entire game.
 D = Other kills in this place as a percentage of other kills in the entire game.
 E = Experience gained in this place as a percentage of experience gained in the entire game.
 F = Experience gained in this place divided by the number of levels of this place that you have seen.
                   A       B       C       D       E      F
               +-------+-------+-------+-------+-------+----------------------
         Total | 100.0 | 100.0 |   N/A |   N/A | 100.0 |  24.7
       Dungeon | 100.0 | 100.0 |   N/A |   N/A | 100.0 |  24.7
               +-------+-------+-------+-------+-------+----------------------
